3L
HARTFORD WHALERS @ CAPITAL DISTRICT RED KNIGHTS
05/29/2023
 
TOP OF THE 1ST
Hartford Whalers batting - Pitching for Capital District Red Knights : RHP Gregory Gary
Pitching: RHP Gregory Gary
Batting: RHB Javier Díaz 0-0: SINGLE (Line Drive, 6D)
Batting: LHB Gerald Holloway 0-0: Ball
1-0: Called Strike
1-1: Ball
2-1: Foul Ball, location: 2F
2-2: Foul Ball, location: 2F
2-2: Foul Ball, location: 2F
2-2: TRIPLE (Line Drive, 9LM)
Javier Díaz scores
Batting: RHB Joe Craig 0-0: Ball
1-0: Ball
2-0: Ball
3-0: Base on Balls
Batting: RHB Juan Tapia 0-0: Ball
Joe Craig steals 2nd base
1-0: 3-RUN HOME RUN (Flyball, 7D), Distance : 342 ft
Batting: LHB César Durán 0-0: Ball
1-0: Ball
2-0: Ball
3-0: Base on Balls
Batting: RHB Jared Smith 0-0: Ball
1-0: Fly out, F9 (Flyball, 9D)
Batting: RHB Dave Farr 0-0: Ball
1-0: Ball
2-0: Called Strike
2-1: Called Strike
2-2: Ball
3-2: Base on Balls
César Durán to second
Batting: LHB James Sorensen 0-0: Called Strike
0-1: Ball
1-1: Reached on error, E6 (Groundball, 6M)
César Durán to third
Dave Farr to second
Batting: RHB Fernando Camacho 0-0: Ball
1-0: Ball
2-0: SINGLE (Line Drive, 8LS)
César Durán scores
Dave Farr to third
James Sorensen to second
Runner from 3rd tries for Home, SAFE, no throw or cutoff
Batting: RHB Javier Díaz 0-0: Called Strike
0-1: Grounds into double play, 6-4-3 (Groundball, 6M)
Top of the 1st over - 6 run(s), 4 hit(s), 1 error(s), 1 left on base; Hartford 6 - Capital District 0
BOTTOM OF THE 1ST
Capital District Red Knights batting - Pitching for Hartford Whalers : RHP Collin Hill
Pitching: RHP Collin Hill
Batting: RHB Shawn Hicks 0-0: Foul Ball, location: 2F
0-1: Foul Ball, location: 2F
0-2: Ball
1-2: Ball
2-2: Ground out 6-3 (Groundball, 6M)
Batting: RHB Mark Field 0-0: Ground out 3-1 (Groundball, 34)
Batting: RHB Tom Christensen 0-0: Called Strike
0-1: Foul Ball, location: 2F
0-2: Ground out 6-3 (Groundball, 6)
Bottom of the 1st over - 0 run(s), 0 hit(s), 0 error(s), 0 left on base; Hartford 6 - Capital District 0
TOP OF THE 2ND
Hartford Whalers batting - Pitching for Capital District Red Knights : RHP Gregory Gary
Batting: LHB Gerald Holloway 0-0: Called Strike
0-1: Foul Ball, location: 2F
0-2: Ball
1-2: Fly out, F8 (Line Drive, 8RS)
Batting: RHB Joe Craig 0-0: Swinging Strike
0-1: Ball
1-1: Fly out, F9 (Flyball, 9D)
Batting: RHB Juan Tapia 0-0: Ball
1-0: DOUBLE (Line Drive, 7D)
Batting: LHB César Durán 0-0: Ball
1-0: Ball
2-0: Called Strike
2-1: Ball
3-1: Swinging Strike
3-2: Base on Balls
Batting: RHB Jared Smith 0-0: Called Strike
0-1: Ball
1-1: Ground out 5-3 (Groundball, 5L)
Top of the 2nd over - 0 run(s), 1 hit(s), 0 error(s), 2 left on base; Hartford 6 - Capital District 0
BOTTOM OF THE 2ND
Capital District Red Knights batting - Pitching for Hartford Whalers : RHP Collin Hill
Batting: LHB Stan Lewis 0-0: Ball
1-0: Swinging Strike
1-1: Called Strike
1-2: Ball
2-2: Ball
3-2: Base on Balls
Batting: RHB Chang-bum Pak 0-0: Ball
Wild Pitch!
Stan Lewis to second
1-0: Called Strike
1-1: Ball
2-1: Ground out 1-3 (Groundball, 15S)
Batting: RHB Manny Carbajal 0-0: Swinging Strike
0-1: SINGLE (Groundball, 6)
Stan Lewis to third
Runner from 3rd tries for Home, SAFE, throw made home
Manny Carbajal to second
Batting: SHB Joreão Canosa 0-0: Called Strike
0-1: Foul Ball, location: 2F
0-2: Ball
1-2: Foul Ball, location: 2F
1-2: Ball
2-2: Foul Ball, location: 2F
2-2: Ball
3-2: Strikes out swinging
Batting: RHB Lane Rich 0-0: Swinging Strike
0-1: Ball
1-1: Ball
2-1: Called Strike
2-2: Strikes out swinging
Bottom of the 2nd over - 1 run(s), 1 hit(s), 0 error(s), 1 left on base; Hartford 6 - Capital District 1
TOP OF THE 3RD
Hartford Whalers batting - Pitching for Capital District Red Knights : RHP Gregory Gary
Batting: RHB Dave Farr 0-0: Called Strike
0-1: Fly out, F9 (Flyball, 89M)
Batting: LHB James Sorensen 0-0: Fly out, F7 (Flyball, 78M)
Batting: RHB Fernando Camacho 0-0: Foul Ball, location: 2F
0-1: Foul Ball, location: 2F
0-2: SINGLE (Line Drive, 4MD)
Batting: RHB Javier Díaz 0-0: Called Strike
0-1: Called Strike
0-2: Ball
1-2: Ground out 4-3 (Groundball, 4)
Top of the 3rd over - 0 run(s), 1 hit(s), 0 error(s), 1 left on base; Hartford 6 - Capital District 1
BOTTOM OF THE 3RD
Capital District Red Knights batting - Pitching for Hartford Whalers : RHP Collin Hill
Batting: LHB Arturo Hernández 0-0: Ball
1-0: SINGLE (Groundball, 56S)
Batting: RHB Shawn Hicks 0-0: Ball
1-0: Ground out 1-3 (Groundball, 13)
Arturo Hernández to second
Batting: RHB Mark Field 0-0: Called Strike
Arturo Hernández is caught stealing 3rd base
0-1: Ground out 4-3 (Groundball, 34)
Bottom of the 3rd over - 0 run(s), 1 hit(s), 0 error(s), 0 left on base; Hartford 6 - Capital District 1
TOP OF THE 4TH
Hartford Whalers batting - Pitching for Capital District Red Knights : RHP Gregory Gary
Batting: LHB Gerald Holloway 0-0: Fly out, F8 (Popup, 8RS)
Batting: RHB Joe Craig 0-0: Ball
1-0: Foul Ball, location: 2F
1-1: Foul Ball, location: 2F
1-2: Ball
2-2: Fly out, F8 (Flyball, 78D)
Batting: RHB Juan Tapia 0-0: Called Strike
0-1: Fly out, F7 (Flyball, 78XD)
Top of the 4th over - 0 run(s), 0 hit(s), 0 error(s), 0 left on base; Hartford 6 - Capital District 1
BOTTOM OF THE 4TH
Capital District Red Knights batting - Pitching for Hartford Whalers : RHP Collin Hill
Batting: RHB Tom Christensen 0-0: Ground out 6-3 (Groundball, 6)
Batting: LHB Stan Lewis 0-0: Ball
1-0: Called Strike
1-1: Ball
2-1: Foul Ball, location: 2F
2-2: Ball
3-2: Strikes out looking
Batting: RHB Chang-bum Pak 0-0: Called Strike
0-1: Ground out 6-3 (Groundball, 6)
Bottom of the 4th over - 0 run(s), 0 hit(s), 0 error(s), 0 left on base; Hartford 6 - Capital District 1
TOP OF THE 5TH
Hartford Whalers batting - Pitching for Capital District Red Knights : RHP Gregory Gary
Batting: LHB César Durán 0-0: Swinging Strike
0-1: Ball
1-1: Ground out U3 (Groundball, 3L)
Batting: RHB Jared Smith 0-0: Called Strike
0-1: Ground out 6-3 (Groundball, 6M)
Batting: RHB Dave Farr 0-0: SINGLE (Line Drive, 56D)
Batting: LHB James Sorensen 0-0: Called Strike
0-1: Ball
1-1: Ball
2-1: Foul Ball, location: 2F
2-2: Strikes out swinging
Top of the 5th over - 0 run(s), 1 hit(s), 0 error(s), 1 left on base; Hartford 6 - Capital District 1
BOTTOM OF THE 5TH
Capital District Red Knights batting - Pitching for Hartford Whalers : RHP Collin Hill
Batting: RHB Manny Carbajal 0-0: Ball
1-0: Ball
2-0: Ball
3-0: Called Strike
3-1: Fly out, F9 (Flyball, 9M)
Batting: SHB Joreão Canosa 0-0: Called Strike
0-1: Swinging Strike
0-2: Ball
1-2: Ball
2-2: Ball
3-2: Foul Ball, location: 2F
3-2: Base on Balls
Batting: RHB Lane Rich 0-0: Ball
1-0: Called Strike
1-1: SINGLE (Groundball, 56)
Joreão Canosa to second
Batting: LHB Arturo Hernández 0-0: Called Strike
0-1: Ball
1-1: Fielders Choice at 2nd, 4-6 (Groundball, 4)
Joreão Canosa to third
Batting: RHB Shawn Hicks 0-0: Called Strike
0-1: Ball
1-1: Ball
2-1: Ball
3-1: Fly out, F6 (Line Drive, 6M)
Bottom of the 5th over - 0 run(s), 1 hit(s), 0 error(s), 2 left on base; Hartford 6 - Capital District 1
TOP OF THE 6TH
Hartford Whalers batting - Pitching for Capital District Red Knights : RHP Gregory Gary
Pitching: RHP César Rivera
Batting: RHB Fernando Camacho 0-0: Ball
1-0: SINGLE (Line Drive, 6MD)
Batting: RHB Javier Díaz 0-0: Ball
1-0: Bunted foul
1-1: Bunt missed!
1-2: Ball
2-2: SINGLE (Groundball, 6MD)
Fernando Camacho to second
Batting: LHB Gerald Holloway 0-0: Called Strike
0-1: Fielders Choice at 2nd, 5-4 (Groundball, 56)
Fernando Camacho to third
Batting: RHB Joe Craig 0-0: Ball
1-0: Swinging Strike
1-1: Foul Ball, location: 2F
1-2: Fly out, F9 (Flyball, 9M)
Runner from 3rd tags up, SCORES, throw made
Batting: RHB Juan Tapia 0-0: Ground out 6-3 (Groundball, 56)
Top of the 6th over - 1 run(s), 2 hit(s), 0 error(s), 1 left on base; Hartford 7 - Capital District 1
BOTTOM OF THE 6TH
Capital District Red Knights batting - Pitching for Hartford Whalers : RHP Collin Hill
Batting: RHB Mark Field 0-0: Ball
1-0: Ground out 1-3 (Groundball, 13)
Batting: RHB Tom Christensen 0-0: Ball
1-0: Called Strike
1-1: Ball
2-1: Swinging Strike
2-2: Strikes out swinging
Batting: LHB Stan Lewis 0-0: Called Strike
0-1: Ball
1-1: Ball
2-1: Called Strike
2-2: Strikes out swinging
Bottom of the 6th over - 0 run(s), 0 hit(s), 0 error(s), 0 left on base; Hartford 7 - Capital District 1
TOP OF THE 7TH
Hartford Whalers batting - Pitching for Capital District Red Knights : RHP César Rivera
Batting: LHB César Durán 0-0: Ball
1-0: Ball
2-0: Ball
3-0: Called Strike
3-1: Called Strike
3-2: Strikes out swinging
Batting: RHB Jared Smith 0-0: Ball
1-0: Called Strike
1-1: Ball
2-1: Foul Ball, location: 2F
2-2: Fly out, F8 (Flyball, 8RXD)
Batting: RHB Dave Farr 0-0: Called Strike
0-1: Ball
1-1: Ground out 2-3 (Groundball, 23)
Top of the 7th over - 0 run(s), 0 hit(s), 0 error(s), 0 left on base; Hartford 7 - Capital District 1
BOTTOM OF THE 7TH
Capital District Red Knights batting - Pitching for Hartford Whalers : RHP Collin Hill
Batting: RHB Chang-bum Pak 0-0: Ball
1-0: Ball
2-0: Ball
3-0: Base on Balls
Pitching: RHP Miguel González
Batting: RHB Manny Carbajal 0-0: Ball
1-0: Ball
2-0: Hit by Pitch
Chang-bum Pak to second
Batting: SHB Joreão Canosa 0-0: Ball
1-0: DOUBLE (Line Drive, 78D)
Chang-bum Pak scores
Manny Carbajal to third
Batting: RHB Lane Rich 0-0: Fly out, F4 (Popup, 4M)
Batting: LHB Arturo Hernández 0-0: Called Strike
0-1: Ball
1-1: Foul Ball, location: 2F
1-2: Ground out 4-3 (Groundball, 4)
Manny Carbajal scores
Joreão Canosa to third
Batting: RHB Shawn Hicks 0-0: Called Strike
0-1: Ball
1-1: Ball
2-1: Ball
3-1: Foul Ball, location: 2F
3-2: Foul Ball, location: 2F
3-2: Fly out, F7 (Flyball, 7S)
Bottom of the 7th over - 2 run(s), 1 hit(s), 0 error(s), 1 left on base; Hartford 7 - Capital District 3
TOP OF THE 8TH
Hartford Whalers batting - Pitching for Capital District Red Knights : RHP César Rivera
Batting: LHB James Sorensen 0-0: Called Strike
0-1: Ball
1-1: Foul Ball, location: 2F
1-2: Ball
2-2: Ball
3-2: Base on Balls
Batting: RHB Fernando Camacho 0-0: Bunted foul
0-1: Sac Bunt - play at second, runner OUT -> throw to first, DP!
Batting: RHB Javier Díaz 0-0: Called Strike
0-1: Ball
1-1: Ball
2-1: Ball
3-1: Called Strike
3-2: Ground out 3-1 (Groundball, 34S)
Top of the 8th over - 0 run(s), 0 hit(s), 0 error(s), 0 left on base; Hartford 7 - Capital District 3
BOTTOM OF THE 8TH
Capital District Red Knights batting - Pitching for Hartford Whalers : RHP Miguel González
Batting: RHB Mark Field 0-0: Swinging Strike
0-1: Ball
1-1: Bunt for hit - play at first, batter OUT! 3-4
Batting: RHB Tom Christensen 0-0: Swinging Strike
0-1: Foul Ball, location: 2F
0-2: Ball
1-2: Strikes out looking
Batting: LHB Stan Lewis 0-0: SINGLE (Groundball, 2L) (infield hit)
Batting: RHB Chang-bum Pak 0-0: Ball
1-0: Foul Ball, location: 2F
1-1: Ball
2-1: Fielders Choice at 2nd, U6 (Groundball, 6M)
Bottom of the 8th over - 0 run(s), 1 hit(s), 0 error(s), 1 left on base; Hartford 7 - Capital District 3
TOP OF THE 9TH
Hartford Whalers batting - Pitching for Capital District Red Knights : RHP César Rivera
Pitching: RHP Marlon Miller
Batting: LHB Gerald Holloway 0-0: Ball
1-0: Ball
2-0: Ball
3-0: Called Strike
3-1: Called Strike
3-2: Base on Balls
Batting: RHB Joe Craig 0-0: Called Strike
0-1: Called Strike
0-2: Ball
1-2: Ball
2-2: Foul Ball, location: 2F
2-2: Foul Ball, location: 2F
2-2: Foul Ball, location: 2F
2-2: Ball
3-2: Foul Ball, location: 2F
3-2: Base on Balls
Gerald Holloway to second
Batting: RHB Juan Tapia 0-0: Called Strike
0-1: Grounds into double play, 5-4-3 (Groundball, 56)
Gerald Holloway to third
Batting: LHB César Durán 0-0: Called Strike
0-1: Called Strike
0-2: Strikes out swinging
Top of the 9th over - 0 run(s), 0 hit(s), 0 error(s), 1 left on base; Hartford 7 - Capital District 3
BOTTOM OF THE 9TH
Capital District Red Knights batting - Pitching for Hartford Whalers : RHP Miguel González
Batting: RHB Manny Carbajal 0-0: Ball
1-0: Foul Ball, location: 2F
1-1: Ball
2-1: Ball
3-1: SINGLE (Groundball, 34D)
Batting: SHB Joreão Canosa 0-0: Called Strike
0-1: Ball
1-1: Ball
2-1: Grounds into double play, 4-6-3 (Groundball, 4)
Batting: RHB Lane Rich 0-0: Ball
1-0: Fly out, F9 (Flyball, 9S)
Bottom of the 9th over - 0 run(s), 1 hit(s), 0 error(s), 0 left on base; Hartford 7 - Capital District 3
This league is powered by Out of the Park Baseball, the baseball management simulation game for PC, Mac and Linux
Friday, July 8th, 2016 - OOTP Baseball 16.9 Build 39